 Dungeon Crawl Stone Soup version 0.23.2 (webtiles) character file.

Game seed: 4443090439056974775

8989 Lusmu the Covert (level 11, -1/102 (103) HPs)
             Began as a Naga Ice Elementalist on Apr 1, 2019.
             Was an Elder of Nemelex Xobeh.
             Slain by a seven-headed hydra (13 damage)
             ... on level 11 of the Dungeon.
             The game lasted 01:07:31 (14052 turns).

Lusmu the Covert (Naga Ice Elementalist)           Turns: 14052, Time: 01:07:31

HP:   -1/102 (103)  AC: 15    Str: 17    XL:     11   Next: 39%
MP:   9/17          EV:  8    Int: 18    God:    Nemelex Xobeh [****..]
Gold: 374           SH:  0    Dex: 12    Spells: 9/18 levels left

rFire    + . .     SeeInvis +   P - +2 trident of Death {freeze, Str+6 Dex-2}
rCold    + . .     Gourm    .   (no shield)
rNeg     + . .     Faith    .   B - +2 ring mail {MR+}
rPois    +         Spirit   .   C - +0 helmet
rElec    .         Reflect  .   N - scarf {rC+ rF+}
rCorr    .         Harm     .   w - +0 pair of gloves
MR       ++...                  n - +0 naga barding
Stlth    ++++......             (no amulet)
HPRegen  0.27/turn              a - ring of wizardry
MPRegen  0.15/turn              L - ring of positive energy

@: very slightly contaminated, very slow
A: large, stinger 1, see invisible, clever 1, deformed body, poison resistance,
slowness 2, slow metabolism 1, spit poison 1, AC +3
a: Spit Poison, Draw Escape, Draw Destruction, Draw Summoning, Triple Draw, Deal
Four, Renounce Religion


You were on level 11 of the Dungeon.
You worshipped Nemelex Xobeh.
Nemelex Xobeh was greatly pleased with you.
You were not hungry.

You visited 2 branches of the dungeon, and saw 12 of its levels.

You collected 647 gold pieces.
You spent 273 gold pieces at shops.

Inventory:

Hand Weapons
 v - a +0 blowgun
 E - a +0 shortbow
 I - a +3 glaive of chopping
 P - the +2 trident of Death (weapon) {freeze, Str+6 Dex-2}
   (You took it off a centaur warrior on level 10 of the Dungeon)

   It has been specially enchanted to freeze those struck by it, causing extra
   injury to most foes and up to half again as much damage against particularly
   susceptible opponents.
   It can also slow down cold-blooded creatures.
   It affects your strength (+6).
   It affects your dexterity (-2).
Missiles
 d - 6 javelins (quivered)
 r - 28 poisoned needles
 t - 2 javelins of penetration
 z - 4 curare-tipped needles
 A - 3 poisoned tomahawks
 F - 205 arrows
 H - 6 needles of confusion
Armour
 i - a +1 cloak
 n - a +0 naga barding (worn)
 w - a +0 pair of gloves (worn)
 B - a +2 ring mail of magic resistance (worn)
 C - a +0 helmet (worn)
 N - a scarf of resistance (worn)
Jewellery
 a - a ring of wizardry (left hand)
 L - a ring of positive energy (right hand)
Wands
 u - a wand of flame (16)
 y - a wand of polymorph (2)
 J - a wand of paralysis (9)
 M - a wand of iceblast (8)
 O - a wand of clouds (8)
Scrolls
 e - a scroll of amnesia
 f - 4 scrolls of fog
 k - 2 scrolls of fear
 l - 2 scrolls of remove curse
 m - a scroll of immolation
 o - 3 scrolls of teleportation
 p - 2 scrolls of magic mapping
 x - 6 scrolls of enchant armour
 G - 2 scrolls of enchant weapon
 K - a scroll of identify
Potions
 b - a potion of haste
 h - 6 potions of agility
 j - 2 potions of magic
 q - 2 potions of curing
 s - a potion of resistance
 D - a potion of might
Comestibles
 c - 21 rations
 Q - 4 chunks of flesh


   Skills:
 - Level 8.0 Fighting
 + Level 4.1 Polearms
 + Level 3.7 Throwing
 + Level 3.3 Armour
 + Level 3.9 Dodging
 - Level 12.5 Stealth
 - Level 4.0 Spellcasting
 + Level 4.3 Conjurations
 - Level 8.6 Ice Magic
 + Level 4.8 Invocations
 + Level 4.3 Evocations


You had 9 spell levels left.
You knew the following spells:

 Your Spells              Type           Power        Failure   Level  Hunger
a - Freeze                Ice            ####         1%          1    None
b - Throw Icicle          Conj/Ice       ####....     8%          4    ####...
c - Cause Fear            Hex            #.........   67%         4    ####...

Your spell library contained the following spells:

 Spells                   Type           Power        Failure   Level  Hunger
 Throw Frost              Conj/Ice       ####..       1%          2    ##.....
 Ozocubu's Armour         Chrm/Ice       ###.....     6%          3    ###....
 Sandblast                Erth           #.....       11%         1    None
 Summon Small Mammal      Summ           #...         11%         1    None
 Stone Arrow              Conj/Erth      ##....       13%         3    ###....
 Call Imp                 Summ           #.......     16%         2    ##.....
 Passwall                 Tmut/Erth      #.......     16%         2    ##.....
 Summon Ice Beast         Ice/Summ       ###.....     17%         4    ####...
 Call Canine Familiar     Summ           #.......     30%         3    ###....
 Summon Guardian Golem    Hex/Summ       #.......     30%         3    ###....
 Petrify                  Tmut/Erth      #.......     67%         4    ####...
 Summon Lightning Spire   Summ/Air       #.......     67%         4    ####...
 Lee's Rapid Deconstruct  Erth           #.........   94%         5    ######.
 Silence                  Hex/Air        #.........   94%         5    ######.
 Yara's Violent Unravell  Hex/Tmut       #.........   94%         5    ######.
 Deflect Missiles         Chrm/Air       #.........   100%        6    #######
 Discord                  Hex            #.........   100%        8    #######


Dungeon Overview and Level Annotations

Branches:
Dungeon (11/15)            Temple (1/1) D:6             Orc (0/2) D:10
   Lair: D:8-11

Altars:
Ashenzari
Cheibriados
Dithmenos
Elyvilon
Fedhas
Gozag
Hepliaklqana
Kikubaaqudgha
Makhleb
Nemelex Xobeh
Okawaru
Qazlal
Ru
Sif Muna
Trog
Uskayaw
Vehumet
Wu Jian
Xom
Yredelemnul
Zin
The Shining One

Shops:
D:4 [   D:7 [

Annotations:
D:3 Grinder


Innate Abilities, Weirdness & Mutations

You cannot wear boots.
Your serpentine skin is tough. (AC +3)
You have supernaturally acute eyesight. (SInv)
Armour fits poorly on your strangely shaped body.
Your system is resistant to poisons. (rPois)
You cover ground very slowly.
You have a slow metabolism.
You can spit poison.
Your tail ends in a poisonous barb.
Your mind is acute. (Int +2)


Message History

Okay, then.
Okay, then.
You deal a card...
You have dealt Velocity.
The seven-headed hydra seems to slow down.
The yak seems to slow down.
The swamp drake seems to slow down.
You deal a card...
You have dealt the Shaft.
A shaft materialises beneath you!
You deal a card...
You have dealt the Shaft.
Nothing appears to happen.
You deal a card...
You have dealt Velocity.
The seven-headed hydra seems to slow down.
The seven-headed hydra bites you.
* * * LOW HITPOINT WARNING * * *
The seven-headed hydra bites you!
* * * LOW HITPOINT WARNING * * *
The seven-headed hydra closely misses you.
The seven-headed hydra bites you.
* * * LOW HITPOINT WARNING * * *
The seven-headed hydra bites you but does no damage.
The seven-headed hydra bites you!
You die...
Your body disappears without a glow.

########
#......#
#°.°[..#
#°°D@).#
###°°°...#
#####
###)Y°######
#...#
#).k### #..
#...####.###
#.#
##...#..Y)#
#.# .
....##Y####
#.# .♣
...))).# #.#
... .÷...D##
#.# ....


You could see a seven-headed hydra, a yak and a swamp drake (fleeing).

Vanquished Creatures
  A two-headed ogre (D:9)
  2 unseen horrors (D:10)
  A hippogriff (D:8)
  4 hungry ghosts (D:10)
  3 yaks (D:11)
  A steam dragon (D:8)
  Edmund (D:6)
  6 orc warriors
  2 black bears (D:7)
  A necrophage (D:9)
  A sky beast (D:5)
  An eye of draining (D:9)
  A phantom (D:10)
  3 ogres
  7 centaurs (D:11)
  A big kobold (D:7)
  3 bullfrogs
  A wyvern zombie (D:9)
  8 jellies
  15 wights
  4 howler monkeys (D:8)
  2 crimson imps
  3 centaur zombies
  5 hounds
  A bullfrog zombie (D:5)
  Crazy Yiuf (D:5)
  2 orc priests
  2 centaur skeletons
  3 bullfrog skeletons
  Ijyb (D:3)
  5 iguanas
  7 worker ants
  6 orc wizards
  6 ogre zombies (D:10)
  A hound skeleton (D:8)
  A howler monkey zombie (D:5)
  3 gnolls (D:11)
  A worker ant zombie (D:9)
  15 adders
  5 shadow imps
  7 oozes
  An adder zombie (D:8)
  4 worms
  A dart slug (D:2)
  5 leopard geckos
  20 orcs
  8 bats
  6 bat zombies (D:4)
  6 giant cockroaches
  A goblin (D:2)
  5 hobgoblins
  4 jackals
  10 kobolds
  4 quokkas
  A ball python (D:2)
  9 frilled lizards
  A goblin skeleton (D:10)
  4 goblin zombies (D:10)
  A hobgoblin skeleton (D:10)
  3 hobgoblin zombies (D:10)
  A jackal skeleton (D:7)
  A leopard gecko skeleton (D:4)
  A leopard gecko zombie (D:7)
  3 orc skeletons (D:10)
  7 orc zombies (D:10)
  A quokka skeleton (D:6)
  7 rats
  A rat zombie (D:4)
260 creatures vanquished.

Vanquished Creatures (collateral kills)
  A centaur warrior (D:10)
  A phantom (D:5)
  A centaur (D:5)
  3 wights (D:9)
  A bullfrog zombie (D:9)
  A quasit (D:9)
  A centaur skeleton (D:4)
  A bullfrog skeleton (D:5)
  An adder (D:5)
  A leopard gecko (D:5)
  A jackal (D:5)
13 creatures vanquished.

Vanquished Creatures (others)
  An orc warrior (D:8)
  A ball lightning (D:6)
  2 bushes (D:11)
  A fungus (D:11)
  15 plants (D:11)
20 creatures vanquished.

Grand Total: 293 creatures vanquished

Notes
Turn   | Place    | Note
-------+----------+-------------------------------------------
     0 | D:1      | Lusmu the Naga Ice Elementalist began the quest for the
                  | Orb.
     0 | D:1      | Reached XP level 1. HP: 15/15 MP: 3/3
   430 | D:1      | Reached XP level 2. HP: 24/24 MP: 0/5
   620 | D:1      | Reached skill level 1 in Fighting
   833 | D:1      | Reached XP level 3. HP: 31/31 MP: 6/6
  1185 | D:2      | Reached skill level 4 in Stealth
  1495 | D:2      | Found a hazy altar of Hepliaklqana.
  1627 | D:2      | Found a bloodstained altar of Trog.
  1628 | D:2      | Found a sparkling altar of Nemelex Xobeh.
  1652 | D:2      | Became a worshipper of Nemelex Xobeh the Trickster
  1688 | D:2      | Reached XP level 4. HP: 31/39 MP: 7/7
  2125 | D:3      | Received a gift from Nemelex Xobeh
  2207 | D:3      | Noticed Ijyb
  2218 | D:3      | Killed Ijyb
  2218 | D:3      | Reached skill level 5 in Stealth
  2409 | D:3      | Reached XP level 5. HP: 39/46 MP: 5/8
  2537 | D:3      | Noticed Grinder
  2559 | D:3      | Reached * piety under Nemelex Xobeh
  2909 | D:4      | Found Udoadil's Antique Armour Boutique.
  2938 | D:4      | Found a shadowy altar of Dithmenos.
  3238 | D:4      | Reached skill level 6 in Stealth
  3238 | D:4      | Reached XP level 6. HP: 50/56 MP: 3/9
  3575 | D:4      | Received a gift from Nemelex Xobeh
  3782 | D:4      | Reached skill level 12 in Stealth
  3782 | D:4      | Reached XP level 7. HP: 74/74 MP: 10/10
  3788 | D:4      | Learned a level 4 spell: Throw Icicle
  3920 | D:4      | Found a glowing silver altar of Zin.
  4368 | D:4      | Found an ancient bone altar of Kikubaaqudgha.
  4442 | D:5      | Entered Level 5 of the Dungeon
  4564 | D:5      | Found a blossoming altar of Fedhas.
  5154 | D:5      | Reached ** piety under Nemelex Xobeh
  5203 | D:5      | Found a hide-covered altar of Uskayaw.
  5250 | D:5      | Reached skill level 1 in Invocations
  5250 | D:5      | Reached XP level 8. HP: 62/81 MP: 4/11
  5398 | D:5      | Received a gift from Nemelex Xobeh
  5452 | D:5      | Found a runed translucent door.
  5453 | D:5      | Noticed Crazy Yiuf
  5464 | D:5      | Killed Crazy Yiuf
  5600 | D:5      | Found an opulent altar of Gozag.
  6218 | D:6      | Noticed Sigmund
  6220 | D:6      | Noticed Sigmund
  6220 | D:6      | Sigmund changed into Sigmund the jelly
  6223 | D:6      | Killed Sigmund the jelly
  6223 | D:6      | Reached skill level 1 in Evocations
  6239 | D:6      | Found an iron altar of Okawaru.
  6299 | D:6      | Reached skill level 1 in Throwing
  6435 | D:6      | Noticed Edmund
  6444 | D:6      | Killed Edmund
  6444 | D:6      | Reached skill level 1 in Armour
  6592 | D:6      | Found a snail-covered altar of Cheibriados.
  6633 | D:6      | Found a sacrificial altar of Ru.
  6743 | D:6      | Found a staircase to the Ecumenical Temple.
  6912 | Temple   | Entered the Ecumenical Temple
  7235 | D:6      | Gained mutation: You have a pair of small antennae on your
                  | head. [potion of mutation]
  7235 | D:6      | Gained mutation: Your mind is acute. (Int +2) [potion of
                  | mutation]
  7235 | D:6      | Gained mutation: You are partially covered in iridescent
                  | scales. (AC +2) [potion of mutation]
  7238 | D:6      | Lost mutation: You are partially covered in iridescent
                  | scales. (AC +2) [potion of mutation]
  7238 | D:6      | Lost mutation: You have a pair of small antennae on your
                  | head. [potion of mutation]
  7238 | D:6      | Gained mutation: Your tail ends in a poisonous barb.
                  | [potion of mutation]
  7287 | D:7      | Reached skill level 1 in Polearms
  7388 | D:7      | Reached XP level 9. HP: 88/88 MP: 12/12
  7880 | D:7      | Found Sago's Armour Boutique.
  7959 | D:7      | Bought a +2 ring mail of magic resistance for 273 gold
                  | pieces
  7999 | D:7      | Received a gift from Nemelex Xobeh
  8066 | D:7      | Found a stormy altar of Qazlal.
  8306 | D:7      | Reached *** piety under Nemelex Xobeh
  9811 | D:8      | Received a gift from Nemelex Xobeh
 10341 | D:8      | Reached XP level 10. HP: 59/96 MP: 14/14
 11006 | D:8      | Received a gift from Nemelex Xobeh
 11221 | D:9      | Found an opulent altar of Gozag.
 11221 | D:9      | Found a basalt altar of Yredelemnul.
 12088 | D:9      | Noticed a two-headed ogre
 12096 | D:9      | Killed a two-headed ogre
 12241 | D:9      | Received a gift from Nemelex Xobeh
 12370 | D:10     | Entered Level 10 of the Dungeon
 12371 | D:10     | Noticed an unseen horror
 12376 | D:10     | Killed an unseen horror
 12683 | D:10     | Reached XP level 11. HP: 83/102 MP: 17/17
 12757 | D:10     | Noticed an unseen horror
 12762 | D:10     | Killed an unseen horror
 12893 | D:10     | Received a gift from Nemelex Xobeh
 12928 | D:10     | Reached **** piety under Nemelex Xobeh
 12930 | D:10     | Found a staircase to the Orcish Mines.
 12939 | D:10     | Identified the +2 trident of Death {freeze, Str+6 Dex-2}
 12939 | D:10     | Noticed a centaur warrior
 12946 | D:10     | Killed a centaur warrior
 13290 | D:10     | Learned a level 4 spell: Cause Fear
 14011 | D:11     | Received a gift from Nemelex Xobeh
 14019 | D:11     | Noticed a seven-headed hydra
 14052 | D:11     | Slain by a seven-headed hydra

Skill      XL: |  1  2  3  4  5  6  7  8  9 10 11 |
---------------+----------------------------------+-----
Fighting       | 1 2 3 8 |  8.0
Stealth        | 4 5 6 12 | 12.5
Ice Magic      | 4 8 |  8.6
Invocations    | 1 2 4 |  4.8
Dodging        | 2 3 |  3.9
Evocations     | 1 2 3 4 |  4.3
Throwing       | 1 2 3 |  3.7
Armour         | 1 2 3 |  3.3
Polearms       | 1 2 3 4 |  4.1
Conjurations   | 2 3 4 |  4.3
Spellcasting   | 3 4 |  4.0

Action                   |  1- 3 |  4- 6 |  7- 9 | 10-12 || total
-------------------------+-------+-------+-------+-------++-------
Melee: Unarmed           |    13 |       |       |       ||    13
       Dagger            |    42 |    83 |   145 |       ||   270
       Glaive            |       |       |   220 |   236 ||   456
       Tailslap          |       |       |    17 |    30 ||    47
       Trident           |       |       |       |    49 ||    49
Throw: Javelin           |     4 |     1 |       |     1 ||     6
 Cast: Freeze            |    31 |    46 |    35 |     3 ||   115
       Throw Icicle      |       |       |     3 |     4 ||     7
Invok: Deal Four         |       |       |       |     1 ||     1
 Abil: Spit Poison       |     4 |     4 |     7 |     2 ||    17
       Draw Destruction  |       |     3 |    10 |    11 ||    24
       Draw Summoning    |       |     1 |     4 |     2 ||     7
       Draw Escape       |       |       |     3 |     1 ||     4
Evoke: Wand              |       |       |     1 |    11 ||    12
  Use: Scroll            |     3 |     4 |     9 |     7 ||    23
       Potion            |       |     2 |     6 |     1 ||     9
 Stab: Sleeping          |     5 |     3 |    24 |     1 ||    33
       Petrified         |       |       |       |     2 ||     2
       Distracted        |       |       |       |     4 ||     4
  Eat: Chunk             |     2 |     7 |    15 |    10 ||    34
       Ration            |       |       |     1 |     2 ||     3
Armor: Robe              |    13 |       |       |       ||    13
       Leather armour    |    11 |    30 |   149 |       ||   190
       Ring mail         |       |       |   162 |   333 ||   495
Dodge: Dodged            |    49 |    48 |   322 |   141 ||   560
